 Dungeon Crawl Stone Soup version 0.31-a0-4-gefa6de2278 (webtiles) character file.

Game seed: 9804015018758618972

264 Ijustatesigmund the Conjurer (level 6, 0/44 HPs)
             Began as a Gnoll Conjurer on May 4, 2023.
             Slain by an adder (2 damage)
             ... on level 5 of the Dungeon.
             The game lasted 00:06:51 (4368 turns).

Ijustatesigmund the Conjurer (Gnoll Conjurer)       Turns: 4368, Time: 00:06:51

Health: 0/44       AC:  4    Str:  3 (6)  XL:     6   Next: 19%
Magic:  8/14       EV: 13    Int: 16 (19) God:
Gold:   181        SH:  0    Dex: 10 (11) Spells: 5/15 levels left

rFire   . . .        d - +1 war axe
rCold   . . .        (no shield)
rNeg    . . .        a - +0 robe
rPois   .            (no helmet)
rElec   .            r - +0 cloak
rCorr   .            p - +0 pair of gloves
SInv    .            (no boots)
Will    .....        (no amulet)
Stlth   ++           (no ring)
HPRegen 0.27/turn    (no ring)
MPRegen 0.14/turn

%: no passive effects
@: lethally poisoned (0 -> -3), attractive
A: fangs 1, strong nose, distributed training
a: no special abilities


You were on level 5 of the Dungeon.
You visited 1 branch of the dungeon, and saw 5 of its levels.

You collected 201 gold pieces.
You spent 20 gold pieces at shops.

Inventory:

Hand Weapons
 d - a +1 war axe (weapon)
Missiles
 i - 4 atropa-tipped darts (quivered)
Armour
 a - a +0 robe (worn)
 p - a +0 pair of gloves (worn)
 r - a +0 cloak (worn)
Scrolls
 c - a scroll of summoning {unknown}
 e - a scroll of torment {unknown}
 f - a scroll of enchant weapon
 h - 10 scrolls of identify
 j - a scroll of teleportation {unknown}
 l - a scroll of vulnerability {unknown}
 m - 2 scrolls of immolation {unknown}
 o - a scroll of fog {unknown}
 s - a scroll of magic mapping {unknown}
Potions
 b - a potion of magic
 g - a potion of attraction
 k - a potion of might {unknown}
 n - 2 potions of degeneration
 q - a potion of curing {unknown}


   Skills:
 + Level 1.9 Fighting
 + Level 1.9 Short Blades
 + Level 1.9 Long Blades
 + Level 1.9 Axes
 + Level 1.9 Maces & Flails
 + Level 1.9 Polearms
 + Level 1.9 Staves
 + Level 1.9 Ranged Weapons
 + Level 1.9 Throwing
 + Level 1.9 Armour
 + Level 5.0 Dodging
 + Level 4.6 Stealth
 + Level 1.9 Shields
 + Level 1.9 Unarmed Combat
 + Level 5.3 Spellcasting
 + Level 7.3 Conjurations
 + Level 1.5 Hexes
 + Level 1.5 Summonings
 + Level 1.5 Necromancy
 + Level 1.5 Translocations
 + Level 1.5 Transmutations
 + Level 1.5 Fire Magic
 + Level 1.5 Ice Magic
 + Level 1.5 Air Magic
 + Level 1.5 Earth Magic
 + Level 1.5 Poison Magic
 + Level 2.1 Invocations
 + Level 1.9 Evocations


You had 5 spell levels left.
You knew the following spells:

 Your Spells              Type           Power      Damage    Failure   Level
a - Magic Dart            Conj           100%       1d8       1%          1
b - Searing Ray           Conj           54%        2d6       1%          2
c - Iskenderun's Mystic   Conj/Tloc      18%        2d6       24%         4
d - Frozen Ramparts       Ice            18%        1d3       24%         3

Your spell library contained the following spells:

 Spells                   Type           Power      Damage    Failure   Level
 Momentum Strike          Conj/Tloc      36%        3d9       3%          2
 Dazzling Flash           Conj/Hex       36%        N/A       7%          3
 Blink                    Tloc           18%        N/A       12%         2
 Lesser Beckoning         Tloc           18%        N/A       12%         2
 Fulminant Prism          Conj/Hex       9%         3d7       24%         4
 Ice Form                 Ice/Tmut       9%         N/A       61%         4
 Summon Ice Beast         Ice/Summ       9%         N/A       61%         4


Dungeon Overview and Level Annotations

Branches:
Dungeon (5/15)
 Temple: D:4-7

Altars:
Makhleb

Shops:
D:1 *

Annotations:
D:4 1 runed translucent door, Zadymka's ghost, novice MiMo


Innate Abilities, Weirdness & Mutations

You have very sharp teeth.
Your uncanny sense of smell can sniff out nearby items.
Your experience applies equally to all skills.


Message History

You are too confused!
You are too confused!
You are too confused!
You miss the adder. You closely miss the orc. You closely miss the orc wizard.
You barely miss the orc. You closely miss the orc.
The adder bites you but does no damage. The orc barely misses you.
The orc hits you but does no damage.
The orc wizard hits you but does no damage.
The orc hits you with a +0 mace. The adder bites you.
The orc wizard points at you and mumbles some strange words.
You resist with some effort. The orc closely misses you.
The orc hits you with a +0 hand axe. The orc hits you but does no damage.
You miss the adder. You hit the orc. You miss the orc. x2
You closely miss the orc wizard. The adder closely misses you.
The orc wizard hits you with a +0 dagger.
The orc hits you with a +0 hand axe. The orc barely misses you.
The orc misses you. The adder closely misses you.
Unknown command.
You completely miss the orc.
The orc is heavily wounded.
You barely miss the orc wizard. You closely miss the adder. You miss the orc.
You hit the orc but do no damage.
You feel less confused. The adder bites you.
You are poisoned.
The adder poisons you! The orc hits you but does no damage.
The orc hits you with a +0 dagger. The orc wizard closely misses you.
The orc closely misses you. The adder barely misses you.
The orc hits you with a +0 mace!
* * * LOW HITPOINT WARNING * * *
The orc hits you with a +0 hand axe.
* * * LOW HITPOINT WARNING * * *
The orc wizard hits you but does no damage.
The orc hits you with a +0 dagger.
* * * LOW HITPOINT WARNING * * *
It was a potion of attraction.
You feel attractive to monsters.
* * * LOW HITPOINT WARNING * * *
You feel sick. The adder bites you.
You die...

### #..### ##
......# .##
.......#..#
..........##
......S.o..####
#.....o@)......
#.....oo....###
##.........##
#.........#
#.........#
#.....###.##
#....# .# ....#
.#


You could see an orc wizard, an adder and 3 orcs.

Vanquished Creatures
  2 orc priests (D:4)
  A hound (D:4)
  An iguana (D:4)
  A gnoll (D:1)
  7 adders
  A dart slug (D:1)
  4 orcs (D:4)
  6 ball pythons
  9 endoplasms
  3 giant cockroaches
  11 goblins
  7 hobgoblins
  6 kobolds
  4 quokkas
  6 bats
  4 frilled lizards
  2 rats
75 creatures vanquished.

Notes
Turn   | Place    | Note
-------+----------+-------------------------------------------
     0 | D:1      | Ijustatesigmund the Gnoll Conjurer began the quest for the
                  | Orb.
     0 | D:1      | Reached XP level 1. HP: 13/13 MP: 6/6
   447 | D:1      | Reached XP level 2. HP: 19/19 MP: 1/7
   986 | D:1      | Reached skill level 5 in Spellcasting
   986 | D:1      | Reached XP level 3. HP: 25/25 MP: 4/9
  1132 | D:1      | Learned a level 2 spell: Searing Ray
  1158 | D:1      | Reached skill level 1 in Invocations
  1489 | D:1      | Found Vekigod's General Store.
  1495 | D:1      | Bought a scroll of identify for 20 gold pieces
  1933 | D:2      | Reached skill level 1 in Fighting
  1933 | D:2      | Reached skill level 1 in Short Blades
  1933 | D:2      | Reached skill level 1 in Long Blades
  1933 | D:2      | Reached skill level 1 in Axes
  1933 | D:2      | Reached skill level 1 in Maces & Flails
  1933 | D:2      | Reached skill level 1 in Polearms
  1933 | D:2      | Reached skill level 1 in Staves
  1933 | D:2      | Reached skill level 1 in Ranged Weapons
  1933 | D:2      | Reached skill level 1 in Throwing
  1933 | D:2      | Reached skill level 1 in Armour
  1933 | D:2      | Reached skill level 1 in Shields
  1933 | D:2      | Reached skill level 1 in Unarmed Combat
  1933 | D:2      | Reached skill level 1 in Evocations
  2101 | D:2      | Reached XP level 4. HP: 32/32 MP: 11/11
  2106 | D:2      | Learned a level 4 spell: Iskenderun's Mystic Blast
  2117 | D:2      | Found a faded altar of an unknown god.
  2692 | D:3      | Reached skill level 1 in Hexes
  2692 | D:3      | Reached skill level 1 in Summonings
  2692 | D:3      | Reached skill level 1 in Necromancy
  2692 | D:3      | Reached skill level 1 in Translocations
  2692 | D:3      | Reached skill level 1 in Transmutations
  2692 | D:3      | Reached skill level 1 in Fire Magic
  2692 | D:3      | Reached skill level 1 in Ice Magic
  2692 | D:3      | Reached skill level 1 in Air Magic
  2692 | D:3      | Reached skill level 1 in Earth Magic
  2692 | D:3      | Reached skill level 1 in Poison Magic
  2696 | D:3      | Learned a level 3 spell: Frozen Ramparts
  3197 | D:3      | Found a burning altar of Makhleb.
  3197 | D:3      | Noticed a cacodemon
  3232 | D:3      | Reached XP level 5. HP: 37/37 MP: 7/12
  3929 | D:4      | Found a runed translucent door.
  3929 | D:4      | Noticed Zadymka's ghost (novice MiMo)
  4003 | D:4      | Reached XP level 6. HP: 29/44 MP: 10/14
  4092 | D:4      | Reached skill level 5 in Dodging
  4348 | D:4      | Noticed a black bear
  4350 | D:4      | Noticed a black bear
  4361 | D:5      | Entered Level 5 of the Dungeon
  4368 | D:5      | HP: 2/44 [poisoned by an adder]
  4368 | D:5      | Slain by an adder

Illustrated notes

Levels and vault maps discovered:
D:1:      scummos_arrival_forest, layout_basic, serial_shops, shop,
          serial_bayou_crossing
D:2:      layout_rooms, hellmonk_ecumenical_altar_inner_sanctum
D:3:      layout_loops_ring, makhleb_altar_promises_db, minmay_misc_feat_alley,
          nicolae_titane
D:4:      layout_rooms, gammafunk_ghost_grave
D:5:      layout_cave_pods, gammafunk_ghost_stat_death

Skill      XL: |  1  2  3  4  5  6 |
---------------+-------------------+-----
Spellcasting   | 5 |  5.3
Invocations    | 1 2 |  2.1
Fighting       | 1 |  1.9
Short Blades   | 1 |  1.9
Long Blades    | 1 |  1.9
Axes           | 1 |  1.9
Maces & Flails | 1 |  1.9
Polearms       | 1 |  1.9
Staves         | 1 |  1.9
Ranged Weapons | 1 |  1.9
Throwing       | 1 |  1.9
Armour         | 1 |  1.9
Shields        | 1 |  1.9
Unarmed Combat | 1 |  1.9
Evocations     | 1 |  1.9
Hexes          | 1 |  1.5
Summonings     | 1 |  1.5
Necromancy     | 1 |  1.5
Translocations | 1 |  1.5
Transmutations | 1 |  1.5
Fire Magic     | 1 |  1.5
Ice Magic      | 1 |  1.5
Air Magic      | 1 |  1.5
Earth Magic    | 1 |  1.5
Poison Magic   | 1 |  1.5
Dodging        | 5 |  5.0
Stealth        | |  4.6
Conjurations   | |  7.3

Action                     |  1- 3 |  4- 6 || total
---------------------------+-------+-------++-------
  Melee: Dagger            |    18 |       ||    18
         War axe           |     5 |    55 ||    60
         Bite              |       |     2 ||     2
  Throw: Dart              |       |     2 ||     2
   Cast: Magic Dart        |    56 |    33 ||    89
         Searing Ray       |     2 |     6 ||     8
         Iskenderun's Myst |       |     3 ||     3
    Use: Potion            |       |     2 ||     2
         Scroll            |       |     1 ||     1
   Stab: Sleeping          |     1 |       ||     1
 Armour: Robe              |     3 |    34 ||    37
  Dodge: Dodged            |    17 |    83 ||   100

Table legend: (Time is in decaauts)
 A = Elapsed time spent in this place.
 B = Non-inter-level travel time spent in this place.
 C = Inter-level travel time spent in this place.
 D = Time resting spent in this place.
 E = Time spent auto-exploring this place.
 F = Levels seen in this place.
 G = Mean time per level.
                   A        B        C        D        E       F      G
               +--------+--------+--------+--------+--------+-----+--------+
         Total |   4395 |   4294 |    101 |   1166 |   2685 |   5 |  879.0 |
       Dungeon |   4395 |   4294 |    101 |   1166 |   2685 |   5 |  879.0 |
               +--------+--------+--------+--------+--------+-----+--------+

Top non-repeatable levels by time:
     D:1: 1777 daAuts
     D:3: 1004 daAuts
     D:2: 830 daAuts
     D:4: 773 daAuts
     D:5: 8 daAuts
